 Dungeon Crawl Stone Soup version 0.28.0-45-g0d030f2227 (webtiles) character file.

Game seed: 16765372370113439536

329 croobank the Chopper (level 6, -1/53 HPs)
             Began as a Gnoll Cinder Acolyte on Apr 18, 2022.
             Was an Elder of Ignis.
             Slain by a swamp drake (8 damage)
             ... on level 4 of the Dungeon.
             The game lasted 00:18:52 (4277 turns).

croobank the Chopper (Gnoll Cinder Acolyte)         Turns: 4277, Time: 00:18:53

Health: -1/53      AC:  2    Str: 13    XL:     6   Next: 51%
Magic:  8/11       EV: 12    Int: 18    God:    Ignis [****..]
Gold:   142        SH:  0    Dex: 19    Spells: 2/11 levels left

rFire   + . .      SeeInvis +   r - +4 mace "Ebaghiud" {venom, *Noise rC+ Dex+6 SInv}
rCold   + . .      Faith    .   (no shield)
rNeg    . . .      Spirit   .   b - +0 robe
rPois   .          Reflect  .   (no helmet)
rElec   .          Harm     .   (no cloak)
rCorr   .          Rampage  .   (no gloves)
Will    .....                   (no boots)
Stlth   +.........              (no amulet)
HPRegen 0.17/turn               c - +6 ring of dexterity
MPRegen 0.12/turn               g - ring of see invisible

@: mighty, lethally poisoned (-1 -> -8), silenced
A: fangs 1, strong nose, distributed training, clever 1, evolution 1
a: Renounce Religion


You were on level 4 of the Dungeon.
You worshipped Ignis.
Ignis was greatly pleased with you.
You visited 1 branch of the dungeon, and saw 4 of its levels.
You also visited: Ossuary.

You collected 142 gold pieces.

Inventory:

Hand Weapons
 a - a +2 vorpal morningstar
 m - a -1 hand axe of flaming
 q - a +0 arbalest
 r - the +4 mace "Ebaghiud" (weapon) {venom, *Noise rC+ Dex+6 SInv}
   (You found it on level 4 of the Dungeon)

   It poisons the flesh of those it strikes.
   Dex:       It affects your dexterity (+6).
   rC:        It protects you from cold.
   SInv:      It lets you see invisible.
   *Noise:    It may make noises in combat.
Missiles
 d - 5 javelins (quivered)
 e - 105 stones
 i - 118 arrows
 l - 30 bolts
Armour
 b - a +0 robe (worn)
 n - the +14 chain mail of the Furies {rElec Dex+4}
   (You found it on level 3 of the Dungeon)

   Dex:       It affects your dexterity (+4).
   rElec:     It insulates you from electricity.
 w - a scarf of harm
Jewellery
 c - a +6 ring of dexterity (left hand)
 g - a ring of see invisible (right hand)
 h - a ring of protection from fire
 o - a ring of fire
Wands
 j - a wand of polymorph (4)
Scrolls
 v - a scroll of immolation {unknown}
Potions
 k - a potion of flight


   Skills:
 + Level 6.8 Fighting
 + Level 2.0 Short Blades
 + Level 2.0 Long Blades
 + Level 6.8 Axes
 + Level 2.0 Maces & Flails
 + Level 2.0 Polearms
 + Level 2.0 Staves
 + Level 2.0 Slings
 + Level 2.0 Bows
 + Level 2.0 Crossbows
 + Level 2.0 Throwing
 + Level 2.0 Armour
 + Level 2.0 Dodging
 + Level 2.0 Stealth
 + Level 2.0 Shields
 + Level 2.0 Unarmed Combat
 + Level 3.4 Spellcasting
 + Level 1.5 Conjurations
 + Level 1.5 Hexes
 + Level 1.5 Summonings
 + Level 1.5 Necromancy
 + Level 1.5 Translocations
 + Level 1.5 Transmutations
 + Level 5.6 Fire Magic
 + Level 1.5 Ice Magic
 + Level 1.5 Air Magic
 + Level 1.5 Earth Magic
 + Level 1.5 Poison Magic
 + Level 2.2 Invocations
 + Level 2.0 Evocations


You had 2 spell levels left.
You knew the following spells:

 Your Spells              Type           Power      Damage    Failure   Level
a - Scorch                Fire           46%        2d7       2%          2
b - Apportation           Tloc           16%        N/A       9%          1
c - Searing Ray           Conj           16%        2d5       12%         2
d - Fulminant Prism       Conj/Hex       4%         3d6       63%         4

Your spell library contained the following spells:

 Spells                   Type           Power      Damage    Failure   Level
 Magic Dart               Conj           32%        1d4       9%          1
 Alistair's Intoxication  Tmut/Pois      5%         N/A       92%         5


Dungeon Overview and Level Annotations

Branches:
Dungeon (4/15)            Ossuary (visited)
 Temple: D:4-7

Altars:

Shops:
D:1 (

Annotations:
D:4 Eustachio


Innate Abilities, Weirdness & Mutations

You have very sharp teeth.
Your uncanny sense of smell can sniff out nearby items.
Your experience applies equally to all skills.
Your mind is acute. (Int +2)
You have hidden genetic potential.


Message History

Your Maces & Flails skill increases to level 2!
Your Polearms skill increases to level 2!
Your Staves skill increases to level 2!
Your Slings skill increases to level 2!
Your Bows skill increases to level 2!
Your Crossbows skill increases to level 2!
Your Throwing skill increases to level 2!
Your Armour skill increases to level 2!
Your Dodging skill increases to level 2!
Your Stealth skill increases to level 2!
Your Shields skill increases to level 2!
Your Unarmed Combat skill increases to level 2!
Your Evocations skill increases to level 2!
As you read the scroll labelled KOZOIHATIATT, it crumbles to dust.
A profound silence engulfs you.
It was a scroll of silence.
* * * LOW HITPOINT WARNING * * *
You feel very sick. The killer bee stings you!
* * * LOW HITPOINT WARNING * * *
You are more poisoned.
The killer bee poisons you! The killer bee misses you.
You feel much better.
You feel very sick. The killer bee stings you!
* * * LOW HITPOINT WARNING * * *
The killer bee closely misses you.
Aiming: Polymorph
Press: ? - help, Shift-Dir - straight line, f - killer bee
Aim: a killer bee (silenced, heavily wounded, will become a steam dragon, a swamp drake, or a bat, chance to affect: 63%)
The killer bee evaporates and reforms as a swamp drake!
* * * LOW HITPOINT WARNING * * *
You feel very sick.
Okay, then.
Magic scrolls do not work when you're silenced!
Okay, then.
Okay, then.
You closely miss the swamp drake.
* * * LOW HITPOINT WARNING * * *
You feel very sick. The swamp drake bites you!
You die... #. #.... #..... #. #.... #...[ ##.##.... #.>.. ........ ... #..#.... yy@

#..#.... #y#
#..#.... #k#
#...)... #@#
#.#####.##### #.#
#.......#####
#.##########.....#
#..........'......
############.....#
#......#.....#
#......#.....#
#......#......
#......#.....#


You could see Eustachio, a swamp drake (unsilenced) and 3 killer bees.

Vanquished Creatures
  2 killer bees (D:4)
  A hound (D:4)
  An orc priest (D:3)
  Terence (D:2)
  3 gnolls
  4 adders
  An adder zombie (Ossuary)
  An adder skeleton (D:4)
  3 dart slugs
  6 orcs
  5 ball pythons
  5 bats
  7 endoplasms
  4 giant cockroaches
  4 goblins
  7 hobgoblins
  4 jackals (D:1)
  7 kobolds
  A quokka (D:1)
  2 frilled lizards
  A hobgoblin zombie (Ossuary)
  A kobold zombie (Ossuary)
  5 rats
76 creatures vanquished.

Vanquished Creatures (others)
  21 foxfires
21 creatures vanquished.

Grand Total: 97 creatures vanquished

Notes
Turn   | Place    | Note
-------+----------+-------------------------------------------
     0 | D:1      | croobank the Gnoll Cinder Acolyte began the quest for the
                  | Orb.
     0 | D:1      | Reached XP level 1. HP: 23/23 MP: 4/4
    66 | D:1      | Found Gygoagg's Weapon Boutique.
   150 | D:1      | Reached XP level 2. HP: 25/29 MP: 5/5
   153 | D:1      | Learned a level 2 spell: Scorch
   614 | D:1      | Reached XP level 3. HP: 29/35 MP: 4/7
   776 | D:1      | You fall into a shaft and drop 1 floor!
   960 | D:2      | Reached skill level 1 in Invocations
  1699 | D:2      | Reached skill level 1 in Short Blades
  1699 | D:2      | Reached skill level 1 in Long Blades
  1699 | D:2      | Reached skill level 1 in Maces & Flails
  1699 | D:2      | Reached skill level 1 in Polearms
  1699 | D:2      | Reached skill level 1 in Staves
  1699 | D:2      | Reached skill level 1 in Slings
  1699 | D:2      | Reached skill level 1 in Bows
  1699 | D:2      | Reached skill level 1 in Crossbows
  1699 | D:2      | Reached skill level 1 in Throwing
  1699 | D:2      | Reached skill level 1 in Armour
  1699 | D:2      | Reached skill level 1 in Dodging
  1699 | D:2      | Reached skill level 1 in Stealth
  1699 | D:2      | Reached skill level 1 in Shields
  1699 | D:2      | Reached skill level 1 in Unarmed Combat
  1699 | D:2      | Reached skill level 1 in Evocations
  1946 | D:2      | Noticed Terence
  1954 | D:2      | Killed Terence
  1955 | D:2      | Reached XP level 4. HP: 41/41 MP: 1/8
  2411 | D:3      | Identified the +14 chain mail of the Furies {rElec Dex+4}
  2496 | D:3      | Reached skill level 1 in Conjurations
  2496 | D:3      | Reached skill level 1 in Hexes
  2496 | D:3      | Reached skill level 1 in Summonings
  2496 | D:3      | Reached skill level 1 in Necromancy
  2496 | D:3      | Reached skill level 1 in Translocations
  2496 | D:3      | Reached skill level 1 in Transmutations
  2496 | D:3      | Reached skill level 1 in Ice Magic
  2496 | D:3      | Reached skill level 1 in Air Magic
  2496 | D:3      | Reached skill level 1 in Earth Magic
  2496 | D:3      | Reached skill level 1 in Poison Magic
  3054 | D:3      | Reached XP level 5. HP: 36/47 MP: 4/9
  3162 | D:4      | Identified the +4 mace "Ebaghiud" {venom, *Noise rC+ Dex+6
                  | SInv}
  3215 | D:4      | Found a sand-covered staircase.
  3237 | Ossuary  | Entered an ossuary
  3643 | D:3      | Reached XP level 6. HP: 53/53 MP: 10/10
  4028 | D:3      | Learned a level 1 spell: Apportation
  4059 | D:3      | Learned a level 2 spell: Searing Ray
  4064 | D:3      | Learned a level 4 spell: Fulminant Prism
  4269 | D:4      | Gained mutation: You have hidden genetic potential. [potion
                  | of mutation]
  4269 | D:4      | Gained mutation: Your mind is acute. (Int +2) [potion of
                  | mutation]
  4269 | D:4      | Noticed Eustachio
  4276 | D:4      | Noticed a swamp drake
  4276 | D:4      | a killer bee changed into a swamp drake
  4277 | D:4      | Slain by a swamp drake

Illustrated notes

Levels and vault maps discovered:
D:1:      minmay_arrival_wavy_path, layout_basic, serial_shops,
          nicolae_square_shop
D:2:      layout_loops_cross, minmay_misc_feat_square, uniq_terence
D:3:      layout_basic, corner_web_ring, corexii_item_surrounded_by_moat
D:4:      layout_basic, temple_statues, nicolae_ossuary_entry_false_entrances,
          kennysheep_potato, uniq_eustachio

Skill      XL: |  1  2  3  4  5  6 |
---------------+-------------------+-----
Invocations    | 1 2 |  2.2
Short Blades   | 1 2 |  2.0
Long Blades    | 1 2 |  2.0
Maces & Flails | 1 2 |  2.0
Polearms       | 1 2 |  2.0
Staves         | 1 2 |  2.0
Slings         | 1 2 |  2.0
Bows           | 1 2 |  2.0
Crossbows      | 1 2 |  2.0
Throwing       | 1 2 |  2.0
Armour         | 1 2 |  2.0
Dodging        | 1 2 |  2.0
Stealth        | 1 2 |  2.0
Shields        | 1 2 |  2.0
Unarmed Combat | 1 2 |  2.0
Evocations     | 1 2 |  2.0
Spellcasting   | 3 |  3.4
Conjurations   | 1 |  1.5
Hexes          | 1 |  1.5
Summonings     | 1 |  1.5
Necromancy     | 1 |  1.5
Translocations | 1 |  1.5
Transmutations | 1 |  1.5
Ice Magic      | 1 |  1.5
Air Magic      | 1 |  1.5
Earth Magic    | 1 |  1.5
Poison Magic   | 1 |  1.5
Fighting       | |  6.8
Axes           | |  6.8
Fire Magic     | |  5.6

Action                   |  1- 3 |  4- 6 || total
-------------------------+-------+-------++-------
Melee: Hand axe          |    37 |       ||    37
       Bite              |     5 |     3 ||     8
       Morningstar       |       |    37 ||    37
       Punch             |       |     1 ||     1
       Mace              |       |     5 ||     5
Throw: Javelin           |     1 |       ||     1
 Cast: Scorch            |    25 |    22 ||    47
       Apportation       |       |     1 ||     1
Invok: Foxfire Swarm     |       |     2 ||     2
       Fiery Armour      |       |     1 ||     1
Evoke: Wand              |       |     1 ||     1
  Use: Scroll            |     2 |     4 ||     6
       Potion            |       |     4 ||     4
 Stab: Sleeping          |       |     1 ||     1
Armor: Robe              |     9 |     8 ||    17
Dodge: Dodged            |    24 |    49 ||    73
